 Dungeon Crawl Stone Soup version 0.32-a0-898-g7811c86cf0 (webtiles) character file.

Game seed: 3522219503665795668

129 sagrath the Cudgeller (level 4, -12/35 HPs)
             Began as a Demonspawn Cinder Acolyte on Apr 4, 2024.
             Was a Priest of Ignis.
             Mangled by Edmund
             ... wielding a +1 dire flail of holy wrath
              (17 damage)
             ... on level 4 of the Dungeon.
             The game lasted 00:05:32 (2908 turns).

sagrath the Cudgeller (Demonspawn Cinder Acolyte)   Turns: 2908, Time: 00:05:34

Health: -12/35     AC: 12    Str: 12 (14) XL:     4   Next: 88%
Magic:  1/5        EV: 10    Int: 16 (17) God:    Ignis [***...]
Gold:   221        SH:  0    Dex:  5 (8)  Spells: 3/5 levels left

rFire   + . .        a - -1 mace (flame)
rCold   . . .        (no shield)
rNeg    + . .        b - +0 robe
rPois   .            (no helmet)
rElec   .            (no cloak)
rCorr   .            (no gloves)
SInv    .            g - +0 pair of boots
Will    +....        (no amulet)
Stlth   +            o - ring of positive energy
HPRegen 0.25/turn    (no ring)
MPRegen 0.09/turn

%: no passive effects
@: fiery-armoured, enlightened, flying
A: hooves 1, molten scales 1, spiny 1
a: Renounce Religion, Fiery Armour, Foxfire Swarm, Rising Flame


You were on level 4 of the Dungeon.
You worshipped Ignis.
Ignis was most pleased with you.
You visited 1 branch of the dungeon, and saw 4 of its levels.

You collected 221 gold pieces.

Inventory:

Hand Weapons
 a - a -1 mace of flaming (weapon)
Missiles
 s - 4 javelins (quivered)
 v - 2 boomerangs
Armour
 b - a +0 robe (worn)
 g - a +0 pair of boots (worn)
Jewellery
 o - a ring of positive energy (left hand)
Scrolls
 c - 2 scrolls of identify
 d - a scroll of fog
 e - a scroll of revelation {unknown}
 h - a scroll of poison {unknown}
 i - a scroll of fear {unknown}
 n - 3 scrolls of teleportation {unknown}
 p - a scroll of blinking {unknown}
 t - a scroll of amnesia {unknown}
 u - 2 scrolls of noise {unknown}
Potions
 j - a potion of degeneration
 k - a potion of haste
 l - a potion of brilliance
 m - a potion of mutation {unknown}
 q - a potion of might {unknown}
 r - a potion of enlightenment


   Skills:
 - Level 3.0 Fighting
 * Level 4.6 Maces & Flails
 - Level 0.1 Dodging
 - Level 0.8 Stealth
 - Level 1.0 Spellcasting
 + Level 3.2 Fire Magic


You had 3 spell levels left.
You knew the following spells:

 Your Spells              Type           Power      Damage    Failure   Level
a - Scorch                Fire           22%        2d5       9%          2

Your spell library contained the following spells:

 Spells                   Type           Power      Damage    Failure   Level
 Hailstorm                Conj/Ice       0%         3d5       56%         3
 Summon Ice Beast         Ice/Summ       0%         N/A       56%         3
 Permafrost Eruption      Ice/Erth       0%         2x4d1     100%        6
 Sculpt Simulacrum        Ice/Alch       0%         N/A       100%        6


Dungeon Overview and Level Annotations

Branches:
Dungeon (4/15)
 Temple: D:4-7

Altars:
Yredelemnul

Annotations:
D:4 Edmund, Sigmund


Innate Abilities, Weirdness & Mutations

You have large cloven feet.
You are partially covered in molten scales. (AC +2)
You are partially covered in sharp spines.


Message History

The foxfire hits Edmund but does no damage.
Edmund is lightly wounded.
The foxfire hits Edmund but does no damage.
Edmund is lightly wounded.
The foxfire hits Edmund.
Edmund is moderately wounded.
The foxfire hits Edmund but does no damage.
Edmund is moderately wounded.
The foxfire hits Edmund.
Edmund is moderately wounded.
Sigmund hits you but does no damage. Edmund is struck by your spines.
Edmund hits you but does no damage.
Activating: Foxfire Swarm
Press: ? - help, Dir - look around, f - activate Flames leap up around you!
Sigmund hits you but does no damage.
Edmund hits you with a +1 dire flail of holy wrath.
You convulse.
Edmund is burned by your cloak of flames.
Edmund is moderately wounded.
Okay, then.
As you read the scroll of identify, it crumbles to dust.
l - a potion of brilliance The foxfire hits Edmund.
Edmund is heavily wounded.
The foxfire hits Edmund.
Edmund is heavily wounded.
The foxfire hits Edmund but does no damage.
Edmund is heavily wounded.
The foxfire hits Edmund.
Edmund is heavily wounded.
The foxfire hits Edmund but does no damage.
Edmund is heavily wounded.
The foxfire hits Edmund but does no damage.
Edmund is heavily wounded.
Edmund hits you with a +1 dire flail of holy wrath!
* * * LOW HITPOINT WARNING * * *
You convulse!
You die...
Edmund says, "I'd like to see a scythe do that!"
Ignis goes out, and joins you in death.

######
.........
#.....$..
#........
#........
###.....##.#+##
......>......@#
####....###@@.#
......@<†.'...#
.###.#....#...#
........#...#
≈..~###..#####
#~~# .#.. #≈≈
⌠.#... #≈
...#...+


You could see Edmund and Sigmund (combustible).

Vanquished Creatures
  Robin (D:3)
  4 adders
  2 dart slugs (D:2)
  A ribbon worm (D:4)
  7 endoplasms
  8 giant cockroaches
  11 goblins
  4 hobgoblins
  3 jackals (D:2)
  2 kobolds
  3 quokkas
  6 ball pythons
  5 bats
  9 frilled lizards
  4 rats
70 creatures vanquished.

Vanquished Creatures (others)
  12 foxfires (D:4)
12 creatures vanquished.

Grand Total: 82 creatures vanquished

Notes
Turn   | Place    | Note
-------+----------+-------------------------------------------
     0 | D:1      | sagrath the Demonspawn Cinder Acolyte began the quest for
                  | the Orb.
     0 | D:1      | Reached XP level 1. HP: 18/18 MP: 2/2
   207 | D:1      | Reached skill level 3 in Maces & Flails
   227 | D:1      | Gained mutation: You have large cloven feet. [demonic
                  | ancestry]
   227 | D:1      | Reached XP level 2. HP: 24/24 MP: 3/3
   292 | D:1      | Learned a level 2 spell: Scorch
  1057 | D:2      | Gained mutation: You are partially covered in sharp spines.
                  | [demonic ancestry]
  1057 | D:2      | Reached XP level 3. HP: 29/29 MP: 1/4
  1603 | D:2      | Found a basalt altar of Yredelemnul.
  2024 | D:2      | Reached skill level 4 in Maces & Flails
  2030 | D:2      | Gained mutation: You are partially covered in molten
                  | scales. (AC +2) [demonic ancestry]
  2030 | D:2      | Reached XP level 4. HP: 22/35 MP: 1/5
  2146 | D:3      | Noticed Robin
  2209 | D:3      | Killed Robin
  2885 | D:4      | Noticed Sigmund
  2889 | D:4      | Noticed Edmund
  2908 | D:4      | Mangled by Edmund

Illustrated notes

Levels and vault maps discovered:
D:1:      nagdon_arrival_zigzag_paths, layout_basic
D:2:      layout_basic, basic_altar
D:3:      layout_loops_ring, minmay_misc_feat_plants, uniq_robin
D:4:      layout_basic, lemuel_crystal_altar, fountainhead, minivault_24,
          uniq_ijyb, uniq_edmund, uniq_sigmund

Skill      XL: |  1  2  3 |
---------------+----------+-----
Maces & Flails | 3 4 |  4.6
Fire Magic     | 3 |  3.2
Fighting       | |  3.0
Dodging        | |  0.1
Stealth        | |  0.8
Spellcasting   | |  1.0

Action                     |  1- 3 |  4- 6 || total
---------------------------+-------+-------++-------
  Melee: Mace              |    74 |    26 ||   100
         Kick              |     2 |       ||     2
   Cast: Scorch            |    14 |    11 ||    25
 Invoke: Foxfire Swarm     |       |     2 ||     2
         Fiery Armour      |       |     2 ||     2
    Use: Scroll            |       |     3 ||     3
         Potion            |       |     3 ||     3
 Armour: Robe              |    49 |    33 ||    82
  Dodge: Dodged            |    54 |    19 ||    73

Table legend: (Time is in decaauts)
 A = Elapsed time spent in this place.
 B = Non-inter-level travel time spent in this place.
 C = Inter-level travel time spent in this place.
 D = Time resting spent in this place.
 E = Time spent auto-exploring this place.
 F = Levels seen in this place.
 G = Mean time per level.
                   A        B        C        D        E       F      G
               +--------+--------+--------+--------+--------+-----+--------+
         Total |   2931 |   2819 |    112 |     69 |   2345 |   4 |  732.8 |
       Dungeon |   2931 |   2819 |    112 |     69 |   2345 |   4 |  732.8 |
               +--------+--------+--------+--------+--------+-----+--------+

Top non-repeatable levels by time:
     D:2: 1263 daAuts
     D:1: 845 daAuts
     D:3: 798 daAuts
     D:4: 23 daAuts
